 Dungeon Crawl Stone Soup version 0.29.1-2-gbd0b4ee654 (webtiles) character file.

Game seed: 13814842502260661709

8406 fleeber the Cleaver (level 11, -2/95 HPs)
             Began as a Minotaur Berserker on Nov 4, 2022.
             Was a High Priest of Trog.
             Shot with a bolt by a yaktaur (25 damage)
             ... on level 10 of the Dungeon.
             The game lasted 00:35:07 (10067 turns).

fleeber the Cleaver (Minotaur Berserker)           Turns: 10067, Time: 00:35:07

Health: -2/95      AC: 18    Str: 27    XL:     11   Next: 9%
Magic:  10/10      EV: 12    Int:  4    God:    Trog [*****.]
Gold:   394        SH:  5    Dex:  9    Spells: 10/10 levels left

rFire   + . .      SeeInvis .   w - +2 war axe (drain)
rCold   . . .      Faith    .   (no shield)
rNeg    . . .      Spirit   .   A - +0 plate armour
rPois   .          Reflect  +   (helmet restricted)
rElec   .          Harm     .   (no cloak)
rCorr   +          Rampage  .   q - +0 pair of gloves
Will    .....                   F - +0 pair of boots {Fly}
Stlth   ..........              H - amulet of reflection
HPRegen 0.25/turn               I - ring of resist corrosion
MPRegen 0.12/turn               C - ring of Eternal Harmony {rF+ EV+4 Slay+2 Stlth-}

@: flying
A: horns 2, retaliatory headbutt
a: Renounce Religion, Berserk, Trog's Hand, Brothers in Arms


You were on level 10 of the Dungeon.
You worshipped Trog.
Trog was extremely pleased with you.
You visited 1 branch of the dungeon, and saw 10 of its levels.

You collected 543 gold pieces.
You spent 149 gold pieces at shops.

Inventory:

Hand Weapons
 w - a +2 war axe of draining (weapon)
Missiles
 g - 52 stones (quivered)
Armour
 q - a +0 pair of gloves (worn)
 A - a +0 plate armour (worn)
 F - a +0 pair of boots of flying (worn)
Jewellery
 C - the ring of Eternal Harmony (right hand) {rF+ EV+4 Slay+2 Stlth-}
   (You found it on level 6 of the Dungeon)

   [ring of evasion]

   EV:        It affects your evasion (+4).
   Slay:      It affects your accuracy & damage with ranged weapons and melee
   (+2).
   rF:        It protects you from fire.
   Stlth:     It makes you less stealthy.
 H - an amulet of reflection (around neck)
 I - a ring of resist corrosion (left hand)
Wands
 n - a wand of polymorph (16)
 t - a wand of acid (14)
 u - a wand of flame (14)
 B - a wand of iceblast (8)
 L - a wand of charming (2)
Scrolls
 a - 3 scrolls of torment {unknown}
 b - 3 scrolls of poison {unknown}
 c - 2 scrolls of brand weapon {unknown}
 d - 2 scrolls of fog {unknown}
 e - 2 scrolls of fear {unknown}
 h - 5 scrolls of teleportation {unknown}
 i - a scroll of immolation {unknown}
 l - 5 scrolls of identify {unknown}
 p - 3 scrolls of amnesia {unknown}
 s - 2 scrolls of enchant armour {unknown}
 x - a scroll of noise {unknown}
 y - a scroll of enchant weapon {unknown}
 z - a scroll of vulnerability {unknown}
Potions
 f - 5 potions of curing
 j - 4 potions of brilliance {unknown}
 k - 2 potions of might {unknown}
 m - 3 potions of haste
 o - a potion of heal wounds {unknown}
 r - a potion of attraction {unknown}
 v - a potion of lignification {unknown}
 D - a potion of resistance {unknown}
 E - a potion of invisibility {unknown}
 G - a potion of berserk rage {unknown}
 J - a potion of flight {unknown}
 K - a potion of mutation {unknown}


   Skills:
 + Level 8.8 Fighting
 + Level 13.2 Axes
 + Level 11.0 Armour
 + Level 3.4 Dodging
 + Level 1.8 Shields
 * Level 6.3 Evocations


You had 10 spell levels left.
You didn't know any spells.
Your spell library was empty.

Dungeon Overview and Level Annotations

Branches:
Dungeon (10/15)            Temple (0/1) D:4            Lair (0/5) D:8
    Orc (0/2) D:9

Altars:
Ashenzari
Cheibriados
Elyvilon
Fedhas
Gozag
Hepliaklqana
Kikubaaqudgha
Qazlal
Trog
Wu Jian
Xom

Shops:
D:4 [   D:6 ([((   D:7 [   D:9 !

Portals:
Abyss: D:7
Bailey: D:10

Annotations:
D:7 2 transporters, Icepheonix32's ghost, novice MiFi


Innate Abilities, Weirdness & Mutations

You have a pair of horns on your head.
You reflexively headbutt those who attack you in melee.


Message History

The two-headed ogre hits your iron troll but does no damage.
Your iron troll bites the two-headed ogre!!
Your iron troll claws the two-headed ogre!!
The two-headed ogre dies!
Trog accepts your kill.
You have reached level 11!
You swap places.
Things that are here:
a +0 mace; a +0 ring mail; an orc corpse
Items here: ))) [ †.
Things that are here:
a +0 mace of protection; a +0 leather armour of willpower You hear a shout!
You hear a shout! x3
A yaktaur comes into view.
A yaktaur comes into view.
The yaktaur shouts! x3
The yaktaur wields a +2 arbalest of freezing.
It is covered in frost.
The yaktaur shoots a bolt.
The bolt barely misses you.
The yaktaur wields a +0 arbalest.
The yaktaur shoots a bolt.
The bolt hits you!!
The yaktaur wields a +0 arbalest.
The yaktaur shoots a bolt.
The bolt hits you but does no damage.
The yaktaur shoots a bolt.
The bolt hits you!! The bolt freezes you.
The yaktaur shoots a bolt.
You reflect the bolt off an invisible shield around you!
The bolt hits the yaktaur!
The yaktaur shoots a bolt.
The bolt hits you!!
* * * LOW HITPOINT WARNING * * *
Okay, then.
It was a potion of curing.
You feel better. You block the yaktaur's attack.
Your iron troll bites the yaktaur!
Your iron troll claws the yaktaur!
Your iron troll claws the yaktaur!!
The yaktaur dies!
Trog accepts your kill.
The yaktaur shoots a bolt.
You reflect the bolt off an invisible shield around you!
The bolt hits the yaktaur!!
Your Armour skill increases to level 11!
You swap places.
The yaktaur shoots a bolt.
The bolt closely misses you.
The yaktaur shoots a bolt.
The bolt hits you!!
You die...

#.#.8.#.#####.##.#
#.#.#.#..#....##.#
#.8.#)#.......##.#
#.#.#)#........#.#
#.#.8)#........#.#
#.#∩#.#........#.# .
#.#8#.#.......##.# ...
#........#...###.#
.....###@###...##..# #.#
....[...)...........##..
......T!.........##...##
...#.#..........## #. .
.. #..........# ..^
#..cc.......
#...........c...........
#.....................
#....................


You could see 3 yaktaurs and a friendly iron troll (summoned, berserk).

Vanquished Creatures
  Joseph (D:7)
  A troll (D:8)
  Prince Ribbit (D:7)
  Sigmund (D:2)
  15 yaks
  A steam dragon (D:7)
  2 water moccasins
  A black bear (D:8)
  3 orc warriors
  A sky beast (D:8)
  6 centaurs
  3 ogres
  A kobold brigand (D:8)
  Blork the orc (D:4)
  6 bullfrogs
  2 scorpions
  8 killer bees
  3 wights (D:9)
  2 howler monkeys (D:8)
  An electric eel (D:8)
  A jelly (D:8)
  A gnoll bouda (D:5)
  3 hounds
  7 orc priests
  Natasha (thrice) (D:4)
  Terence (D:2)
  2 iguanas (D:5)
  11 orc wizards
  Robin (D:2)
  8 gnolls
  8 adders
  A shadow imp (D:5)
  2 white imps (D:6)
  3 worms
  3 dart slugs
  40 orcs
  5 endoplasms
  4 giant cockroaches
  23 goblins
  9 hobgoblins
  A jackal (D:5)
  9 ball pythons
  A bat (D:1)
  4 frilled lizards
  12 kobolds
  6 rats
229 creatures vanquished.

Vanquished Creatures (collateral kills)
  A two-headed ogre (D:10)
  A yaktaur (D:10)
  A vampire (D:9)
  A human (D:9)
  A warg (D:9)
  A bullfrog (D:9)
  3 orc priests (D:9)
  2 orcs (D:9)
  A kobold (D:9)
12 creatures vanquished.

Vanquished Creatures (others)
  7 fungi (D:8)
  38 plants
45 creatures vanquished.

Grand Total: 286 creatures vanquished

Notes
Turn   | Place    | Note
-------+----------+-------------------------------------------
     0 | D:1      | fleeber the Minotaur Berserker began the quest for the Orb.
     0 | D:1      | Reached XP level 1. HP: 19/19 MP: 0/0
   225 | D:1      | Reached skill level 4 in Axes
   225 | D:1      | Reached XP level 2. HP: 26/27 MP: 1/1
   593 | D:1      | Reached ** piety under Trog
   739 | D:2      | Noticed Terence
   750 | D:2      | Reached XP level 3. HP: 31/33 MP: 2/2
   750 | D:2      | Killed Terence
   866 | D:2      | Reached XP level 4. HP: 32/41 MP: 3/3
   949 | D:2      | Noticed Robin
   970 | D:2      | Reached skill level 5 in Axes
   980 | D:2      | Killed Robin
  1093 | D:2      | Noticed Sigmund
  1250 | D:2      | Reached XP level 5. HP: 47/47 MP: 4/4
  1622 | D:2      | Killed Sigmund
  1623 | D:2      | Reached skill level 5 in Fighting
  1623 | D:2      | Reached skill level 6 in Axes
  1623 | D:2      | Reached XP level 6. HP: 56/56 MP: 5/5
  1850 | D:3      | Found a stormy altar of Qazlal.
  2136 | D:3      | Reached *** piety under Trog
  2318 | D:3      | Found an ancient bone altar of Kikubaaqudgha.
  2422 | D:3      | Found a bloodstained altar of Trog.
  2639 | D:4      | Noticed Natasha
  2683 | D:3      | Reached skill level 5 in Armour
  2861 | D:4      | Killed Natasha
  2862 | D:4      | Reached skill level 7 in Axes
  2900 | D:4      | Noticed Natasha
  2970 | D:4      | Found Tawagh's Armour Shop.
  2977 | D:4      | Reached skill level 1 in Evocations
  2977 | D:4      | Reached XP level 7. HP: 56/61 MP: 6/6
  3063 | D:4      | Found a staircase to the Ecumenical Temple.
  3390 | D:4      | Killed Natasha
  3395 | D:4      | Found an ornate altar of the Wu Jian Council.
  3452 | D:4      | Noticed Blork the orc
  3462 | D:4      | Killed Blork the orc
  3564 | D:4      | Noticed Natasha
  3570 | D:4      | Killed Natasha
  3581 | D:5      | Entered Level 5 of the Dungeon
  3938 | D:5      | Found an opulent altar of Gozag.
  3969 | D:5      | Reached skill level 8 in Axes
  4106 | D:5      | Reached XP level 8. HP: 60/70 MP: 7/7
  4199 | D:5      | Found a blossoming altar of Fedhas.
  4337 | D:5      | Found a white marble altar of Elyvilon.
  5102 | D:6      | Reached skill level 9 in Axes
  5366 | D:6      | Reached **** piety under Trog
  5499 | D:6      | Found Noqoaz's Weapon Emporium.
  5684 | D:6      | Found a snail-covered altar of Cheibriados.
  5739 | D:6      | Identified the ring of Eternal Harmony {rF+ EV+4 Slay+2
                  | Stlth-}
  5869 | D:6      | Found Koorisu's Antique Weapon Boutique.
  5870 | D:6      | Found Upsaf's Antique Weapon Shoppe.
  5973 | D:6      | Found Pon Witog's Armour Shop.
  6059 | D:7      | Found Ycig's Armour Shoppe.
  6064 | D:7      | Bought a +0 pair of boots of flying for 149 gold pieces
  6104 | D:7      | Reached XP level 9. HP: 72/78 MP: 8/8
  6134 | D:7      | Found a transporter.
  6493 | D:7      | Found a transporter.
  6506 | D:7      | Noticed Icepheonix32's ghost (novice MiFi)
  6513 | D:7      | Found a one-way gate to the infinite horrors of the Abyss.
  6586 | D:7      | Reached skill level 10 in Axes
  6640 | D:7      | Noticed Prince Ribbit
  6655 | D:7      | Killed Prince Ribbit
  6889 | D:7      | Noticed Joseph
  6912 | D:7      | Killed Joseph
  7623 | D:8      | Reached skill level 11 in Axes
  8174 | D:8      | Reached XP level 10. HP: 72/88 MP: 9/9
  8178 | D:8      | Reached ***** piety under Trog
  8179 | D:8      | Reached skill level 5 in Evocations
  8308 | D:8      | Reached skill level 10 in Armour
  8320 | D:8      | Reached skill level 12 in Axes
  8562 | D:8      | Found a staircase to the Lair.
  8826 | D:9      | Found a shimmering altar of Xom.
  8850 | D:9      | Found Xyrokleror's Distillery.
  8890 | D:9      | Identified the +3 ring mail of Tozem {Str+5}
  8904 | D:9      | Identified the +8 sling of Patterns {vorpal, Int+4}
  8975 | D:9      | Found a hazy altar of Hepliaklqana.
  9038 | D:9      | Found a staircase to the Orcish Mines.
  9605 | D:9      | Received a gift from Trog
  9606 | D:9      | Reached skill level 1 in Shields
  9731 | D:9      | Found a broken altar of Ashenzari.
  9804 | D:10     | Entered Level 10 of the Dungeon
  9867 | D:10     | Reached skill level 13 in Axes
  9881 | D:10     | Noticed a gargoyle
 10016 | D:10     | Found a flagged portal.
 10041 | D:10     | Noticed a two-headed ogre
 10056 | D:10     | Killed a two-headed ogre
 10057 | D:10     | Reached XP level 11. HP: 95/95 MP: 10/10
 10067 | D:10     | Shot with a bolt by a yaktaur

Illustrated notes

Levels and vault maps discovered:
D:1:      dpeg_arrival_lava_temple_mockup, layout_rooms
D:2:      layout_rooms, uniq_robin, uniq_terence, uniq_sigmund
D:3:      kennysheep_the_goblin_king, layout_basic, old_standard_altar,
          nicolae_qazlal_general_emergency, nicolae_kikubaaqudgha_miasma_corner
D:4:      layout_rooms, nicolae_overflow_crystal_walls,
          minmay_temple_entry_slanted, serial_shops, nicolae_take_the_stairs,
          uniq_blork_the_orc, uniq_natasha
D:5:      layout_gridville, mainiacjoe_overflow_24_doors,
          general_overflow_altar, kennysheep_little_box, st_stairs_14
D:6:      layout_basic, cheibrodos_worm_habitat, serial_shops, shop,
          nicolae_shop_advertising_works [nicolae_subvault_shop_adworks], shop,
          nicolae_shop_trees
D:7:      layout_basic, serial_shops, shop, gammafunk_ghost_abyssal_escape,
          uniq_prince_ribbit1, uniq_joseph
D:8:      layout_rooms, grunt_lair_entry_orc_guard_hut, serial_bayou_lagoon_a
D:9:      layout_roguey, nicolae_hepliaklqana_hazy_memory,
          mainiacjoe_overflow_boulevard, old_standard_altar, erik_orc_4,
          serial_shops, shop
D:10:     layout_rooms, grunt_temple_overflow_lords_of_destruction,
          muffindrake_ghost_dual_entry, enter_bailey_8, uniq_nergalle

Skill      XL: |  1  2  3  4  5  6  7  8  9 10 11 |
---------------+----------------------------------+-----
Axes           | 4 5 6 7 8 9 11 13 | 13.2
Fighting       | 4 5 6 7 8 |  8.8
Armour         | 3 4 5 6 7 9 10 11 | 11.0
Evocations     | 1 2 3 4 6 |  6.3
Dodging        | 3 |  3.4
Shields        | 1 |  1.8

Action                   |  1- 3 |  4- 6 |  7- 9 | 10-12 || total
-------------------------+-------+-------+-------+-------++-------
Melee: Hand axe          |    65 |   117 |    67 |       ||   249
       Headbutt          |     9 |    16 |    41 |    23 ||    89
       War axe           |       |       |   177 |   102 ||   279
       Punch             |       |       |     5 |     1 ||     6
Invok: Berserk           |     1 |     3 |     2 |       ||     6
       Trog's Hand       |       |     3 |     1 |       ||     4
       Brothers in Arms  |       |       |       |     2 ||     2
Evoke: Wand              |       |       |     4 |       ||     4
  Use: Potion            |       |       |       |     1 ||     1
Armor: Ring mail         |    24 |    13 |       |       ||    37
       Chain mail        |       |    37 |    84 |     7 ||   128
       Plate armour      |       |       |       |    29 ||    29
Dodge: Dodged            |    44 |    61 |   155 |    75 ||   335
Block: Other             |       |       |       |    22 ||    22
       Reflection        |       |       |       |     4 ||     4
